 Dungeon Crawl Stone Soup version 0.28-a0-528-g4b98be1b05 (webtiles) character file.

Game seed: 7559368937319056320

2321 Multipenetrator the Covert (level 9, -1/43 HPs)
             Began as a Spriggan Artificer on Sept 24, 2021.
             Was an Initiate of Yredelemnul.
             Killed from afar by a steam dragon (28 damage)
             ... with a ball of steam
             ... on level 9 of the Dungeon.
             The game lasted 01:41:51 (9501 turns).

Multipenetrator the Covert (Spriggan Artificer)     Turns: 9501, Time: 01:41:52

Health: -1/43      AC:  2    Str:  9    XL:     9   Next: 18%
Magic:  12/20      EV: 20    Int: 14    God:    Yredelemnul [......]
Gold:   558        SH:  0    Dex: 16    Spells: 16/22 levels left

rFire   . . .      SeeInvis +   a - +3 dagger (venom)
rCold   + . .      Faith    .   (shield restricted)
rNeg    + . .      Spirit   .   i - +0 robe
rPois   .          Reflect  .   (helmet restricted)
rElec   .          Harm     .   A - scarf {repulsion}
rCorr   .          Rampage  .   (gloves unavailable)
Will    +....                   (boots unavailable)
Stlth   ++++......              (no amulet)
HPRegen 0.14/turn               k - ring of positive energy
MPRegen 0.17/turn               y - ring of protection from cold

@: repel missiles, very quick
A: very small, no large weapons, unfitting armour, see invisible, speed 3
a: Renounce Religion


You were on level 9 of the Dungeon.
You worshipped Yredelemnul.
Yredelemnul was noncommittal.
You visited 2 branches of the dungeon, and saw 10 of its levels.
You also visited: Sewer.

You collected 558 gold pieces.

Inventory:

Hand Weapons
 a - a +3 dagger of venom (weapon)
Armour
 i - a +0 robe (worn)
 t - +0 acid dragon scales
 v - +0 fire dragon scales
 A - a scarf of repulsion (worn)
 B - +1 swamp dragon scales
 E - a +0 pair of gloves
Jewellery
 k - a ring of positive energy (left hand)
 y - a ring of protection from cold (right hand)
Wands
 d - a wand of charming (1)
 z - a wand of acid (7)
Scrolls
 b - a scroll of amnesia {unknown}
 c - a scroll of fog {unknown}
 f - 2 scrolls of immolation {unknown}
 h - a scroll of teleportation {unknown}
 j - a scroll of identify
 m - 2 scrolls of enchant armour
 p - a scroll of summoning {unknown}
 q - a scroll of enchant weapon
 x - a scroll of fear {unknown}
 C - a scroll of torment {unknown}
 D - a scroll of noise {unknown}
Potions
 g - a potion of flight
 l - 5 potions of curing
 n - a potion of lignification
 o - a potion of berserk rage
 r - 2 potions of brilliance
 s - a potion of resistance
 u - a potion of heal wounds
 w - a potion of attraction {unknown}
Miscellaneous
 e - a piece from Xom's chessboard (14/15)


   Skills:
 + Level 2.5 Fighting
 + Level 4.5 Short Blades
 + Level 6.1 Dodging
 * Level 8.9 Stealth
 + Level 7.0 Spellcasting
 + Level 6.2 Transmutations
 - Level 0.2 Fire Magic
 - Level 1.0 Air Magic
 + Level 0.4 Poison Magic
 + Level 5.8 Evocations


You had 16 spell levels left.
You knew the following spells:

 Your Spells              Type           Power      Damage    Failure   Level
a - Sting                 Tmut/Pois      56%        1d5       3%          1
b - Poisonous Vapours     Pois/Air       12%        N/A       16%         2
c - Ignite Poison         Fire/Tmut/Pois 11%        N/A       17%         3

Your spell library contained the following spells:

 Spells                   Type           Power      Damage    Failure   Level
 Wereblood                Tmut           22%        N/A       1%          2
 Summon Small Mammal      Summ           16%        N/A       14%         1
 Ensorcelled Hibernation  Hex/Ice        8%         N/A       22%         2
 Slow                     Hex            4%         N/A       22%         2
 Sublimation of Blood     Necr           2%         N/A       22%         2
 Call Canine Familiar     Summ           4%         N/A       38%         3
 Confusing Touch          Hex            4%         N/A       38%         3
 Conjure Flame            Conj/Fire      5%         6-21      38%         3
 Portal Projectile        Hex/Tloc       8%         N/A       38%         3
 Summon Guardian Golem    Hex/Summ       4%         N/A       38%         3
 Tukima's Dance           Hex            4%         N/A       38%         3
 Vampiric Draining        Necr           2%         2d6       38%         3
 Olgreb's Toxic Radiance  Pois           6%         N/A       75%         4
 Leda's Liquefaction      Hex/Erth       2%         N/A       80%         4
 Sticky Flame             Conj/Fire      5%         2d3       80%         4
 Summon Hydra             Summ           2%         N/A       100%        7


Dungeon Overview and Level Annotations

Branches:
Dungeon (9/15)             Temple (1/1) D:5           Sewer (visited)
   Lair: D:8-11         Orc: D:9-12

Altars:
Ashenzari
Cheibriados
Dithmenos
Elyvilon
Fedhas
Gozag
Makhleb
Nemelex Xobeh
Okawaru
Qazlal
Ru
Sif Muna
Uskayaw
Vehumet
Yredelemnul
Zin
The Shining One

Shops:
D:2 *   D:3 :

Annotations:
D:3 2 transporters, Sigmund; TimeIsEndless's ghost, amateur OgWr
D:6 2 transporters, TZer0's ghost, novice VSFi
D:8 1 runed translucent door, WhatIsLove's ghost, novice HOMo


Innate Abilities, Weirdness & Mutations

You are very small and have problems with some larger weapons.
You are too small for most types of armour.
You have supernaturally acute eyesight. (SInv)
You cover ground extremely quickly. (Speed+++)


Message History

Confirm with . or Enter, or press ? or * to list all spells.
Okay, then.
Unknown command.
Aiming: Sting (safe; 3% risk of failure)
Press: ? - help, Q - select action, (/) - cycle Shift-Dir - straight line, f/p - orc priest
Aim: an orc priest, wielding a +0 club (lightly wounded, very poisoned, 71% to hit)
The sting hits the orc priest.
The orc priest looks as sick as possible!
The orc priest is moderately wounded.
Aiming: Sting (safe; 3% risk of failure)
Press: ? - help, Q - select action, (/) - cycle Shift-Dir - straight line, f/p - orc priest
Aim: an orc priest, wielding a +0 club (heavily wounded, extremely poisoned, 71% to hit)
The sting hits the orc priest.
The orc priest looks as sick as possible!
The orc priest is severely wounded.
You barely miss the orc priest.
The orc priest is severely wounded.
The orc priest hits you with a +0 club. The steam dragon breathes steam at you.
The ball of steam hits you!
* * * LOW HITPOINT WARNING * * *
Your magical contamination has completely faded away.
Found a leather armour.
The orc priest is engulfed in a cloud of scalding steam.
You hit the orc priest.
You kill the orc priest!
Yredelemnul accepts your kill.
Your Spellcasting skill increases to level 7!
You make a move on Xom's chessboard...
The steam dragon is moving more slowly.
Press: ? - help, v - describe, . - travel
Here: a steam dragon (petrifying slowly)
The floor.
Things that are here:
a +0 club; a black potion; an orc corpse
Found a gold wand.
The steam dragon breathes steam at you. The ball of steam hits you!!
Ouch! That really hurt!
You die...
Your body rises from the dead as a mindless zombie.

.... ###.[....###) ....#
#...÷..'...
.....#######......##..
[..........<.#.###..
............#.# #..
#..........'.# #..
#.....≈≈...### #..
#######.)...≈....# #..
/......i(§.≈≈≈...#####..
......§D.....≈...##.....
....≈≈...........##.....
.....≈≈..........##.....
......≈..........##....#
.................##....#
.........#.###.........#
.........#.. #.###.....#
.......##. #.........#


You could see a steam dragon (petrifying, catching breath).

Vanquished Creatures
  A two-headed ogre (D:8)
  An acid dragon (D:9)
  A water moccasin (D:6)
  A sky beast (D:8)
  Purgy (Sewer)
  An ice beast (D:6)
  3 ogres
  A bullfrog (D:6)
  A scorpion (D:6)
  3 killer bees (D:8)
  2 howler monkeys
  A bullfrog zombie (D:6)
  A hound (D:4)
  A gnoll shaman (D:4)
  4 orc priests
  A jelly (D:6)
  A bullfrog skeleton (D:6)
  A centaur skeleton (D:5)
  An iron imp (D:3)
  4 iguanas
  An orc wizard (D:6)
  7 gnolls
  A howler monkey zombie (D:5)
  5 adders
  2 white imps
  A worm (D:4)
  3 dart slugs
  5 orcs
  4 endoplasms
  4 giant cockroaches
  8 goblins
  6 hobgoblins
  3 jackals (D:4)
  4 quokkas
  7 ball pythons
  3 bats
  4 frilled lizards
  5 kobolds
  5 rats (D:1)
109 creatures vanquished.

Vanquished Creatures (collateral kills)
  A goblin (D:4)
  2 ball pythons
  3 kobolds
6 creatures vanquished.

Vanquished Creatures (others)
  A gnoll (D:4)
  An adder (D:4)
  An endoplasm (D:1)
  2 ball pythons
  A fungus (D:8)
  4 plants (D:8)
10 creatures vanquished.

Grand Total: 125 creatures vanquished

Notes
Turn   | Place    | Note
-------+----------+-------------------------------------------
     0 | D:1      | Multipenetrator the Spriggan Artificer began the quest for
                  | the Orb.
     0 | D:1      | Reached XP level 1. HP: 9/9 MP: 2/2
   675 | D:1      | Reached XP level 2. HP: 10/14 MP: 3/3
   817 | D:1      | Reached skill level 2 in Stealth
  1434 | D:2      | Learned a level 1 spell: Sting
  1677 | D:2      | Reached XP level 3. HP: 17/17 MP: 2/4
  1718 | D:2      | Found a faded altar of an unknown god.
  1902 | D:2      | Found Cahem's General Store.
  2180 | D:3      | Found a radiant altar of Vehumet.
  2224 | D:3      | Noticed Sigmund
  2556 | D:3      | Found a burning altar of Makhleb.
  2621 | D:3      | Reached skill level 3 in Stealth
  2681 | D:3      | Found Buunaeq's Book Emporium.
  2760 | D:3      | Noticed TimeIsEndless's ghost (amateur OgWr)
  2771 | D:3      | Found a transporter.
  2774 | D:3      | Found a transporter.
  3059 | D:3      | Reached skill level 1 in Spellcasting
  3059 | D:3      | Reached XP level 4. HP: 8/21 MP: 2/7
  3472 | D:3      | Found a snail-covered altar of Cheibriados.
  3616 | D:3      | Reached skill level 1 in Short Blades
  4008 | D:4      | Reached skill level 4 in Stealth
  4029 | D:4      | Reached skill level 1 in Transmutations
  4039 | D:4      | Reached XP level 5. HP: 22/25 MP: 4/9
  4145 | D:4      | Found a stormy altar of Qazlal.
  4189 | D:4      | Found a glowing drain.
  4208 | Sewer    | Entered a sewer
  4235 | Sewer    | Noticed Purgy
  4260 | Sewer    | Killed Purgy
  4261 | Sewer    | Reached skill level 1 in Fighting
  4550 | D:4      | Reached skill level 5 in Stealth
  4550 | D:4      | Reached skill level 5 in Evocations
  4550 | D:4      | Reached XP level 6. HP: 30/30 MP: 9/11
  4697 | D:4      | Found an iron altar of Okawaru.
  5033 | D:5      | Entered Level 5 of the Dungeon
  5132 | D:5      | Found a staircase to the Ecumenical Temple.
  5679 | D:6      | Reached XP level 7. HP: 30/33 MP: 13/13
  5787 | D:6      | Reached skill level 6 in Stealth
  6037 | D:6      | Reached skill level 5 in Dodging
  6066 | D:6      | Found a transporter.
  6066 | D:6      | Noticed TZer0's ghost (novice VSFi)
  6067 | D:6      | Noticed a troll
  6070 | D:6      | Found a transporter.
  6453 | Temple   | Entered the Ecumenical Temple
  6731 | Temple   | Became a worshipper of Yredelemnul the Dark
  7031 | D:5      | Reached skill level 7 in Stealth
  7031 | D:5      | Reached XP level 8. HP: 13/39 MP: 6/15
  7378 | D:6      | Learned a level 2 spell: Poisonous Vapours
  7382 | D:6      | Learned a level 3 spell: Ignite Poison
  7461 | D:6      | Reached skill level 5 in Spellcasting
  7576 | D:6      | Found a white marble altar of Elyvilon.
  7576 | D:6      | Found a hide-covered altar of Uskayaw.
  8226 | D:8      | Found a blossoming altar of Fedhas.
  8251 | D:8      | Found a runed translucent door.
  8254 | D:8      | Identified the +7 trident "Pendulum" {vamp, rElec rC+ Will-
                  | Stlth+}
  8256 | D:8      | Noticed WhatIsLove's ghost (novice HOMo)
  8291 | D:8      | Reached skill level 5 in Transmutations
  8584 | D:8      | Noticed a two-headed ogre
  8641 | D:8      | Killed a two-headed ogre
  8642 | D:8      | Reached skill level 8 in Stealth
  8642 | D:8      | Reached skill level 1 in Air Magic
  8642 | D:8      | Reached XP level 9. HP: 43/43 MP: 1/19
  8760 | D:8      | Noticed a two-headed ogre
  8810 | D:8      | Noticed a five-headed hydra
  8811 | D:8      | HP: 2/43 [five-headed hydra (14)]
  9501 | D:9      | Killed from afar by a steam dragon

Illustrated notes

Levels and vault maps discovered:
D:1:      lightli_arrival_isolated_outpost, layout_basic
D:2:      layout_rooms, shapermc_ecumenical_altar_mp_urbaneastern, serial_shops,
          nicolae_lakefront_shop, minmay_misc_feat_enclosed, minmay_tetromino_o2
D:3:      layout_loops_ring, vehumet_crystals, old_standard_altar,
          chei_slow_surprise, serial_shops, shop_coins,
          gammafunk_ghost_abyssal_escape, uniq_sigmund
D:4:      layout_cave_pools, nicolae_qazlal_general_emergency,
          okawaru_altar_gauntlet_db, gup_sewer_entry_pipe
D:5:      layout_basic, minmay_temple_entry_ruins, patterned_corridor
D:6:      layout_loops_ring, gammafunk_temple_overflow_wave,
          gammafunk_ghost_arena
D:7:      layout_loops_ring, nicolae_hepliaklqana_hippocampus, serial_shops,
          nicolae_shop_statue_plus, skrybe_limestone_x, uniq_pikel
D:8:      layout_cave_pods, overflow_temple_1_default,
          mainiacjoe_overflow_surrounded_room, nicolae_ossuary_entry_plus,
          ebering_ghost_funeral_grove, minmay_the_grid_2x2
          [minmay_the_grid_outer_circle, minmay_the_grid_plusring,
          minmay_the_grid_holed_spiral, minmay_the_grid_prize_inner_circle]
D:9:      layout_basic, mainiacjoe_overflow_alcove_4, uniq_erica
Temple:   jpeg_temple_island

Skill      XL: |  1  2  3  4  5  6  7  8  9 |
---------------+----------------------------+-----
Stealth        | 2 3 4 5 7 8 |  8.9
Spellcasting   | 1 2 3 4 6 7 |  7.0
Dodging        | 4 5 6 |  6.1
Short Blades   | 1 2 3 4 |  4.5
Transmutations | 1 2 3 4 6 |  6.2
Fighting       | 1 2 |  2.5
Evocations     | 5 |  5.8
Air Magic      | 1 |  1.0
Fire Magic     | |  0.2
Poison Magic   | |  0.4

Action                   |  1- 3 |  4- 6 |  7- 9 || total
-------------------------+-------+-------+-------++-------
Melee: Dagger            |   100 |   119 |   142 ||   361
       Club              |    17 |       |       ||    17
 Fire: Hunting sling     |     1 |       |       ||     1
 Cast: Sting             |    12 |    35 |    66 ||   113
       Poisonous Vapours |       |       |    12 ||    12
       Ignite Poison     |       |       |     1 ||     1
Evoke: Piece from Xom's  |    11 |     1 |     5 ||    17
       Wand              |    17 |    12 |     1 ||    30
  Use: Scroll            |     1 |     3 |     5 ||     9
       Potion            |       |       |     1 ||     1
 Stab: Paralysed         |     6 |       |       ||     6
       Sleeping          |     5 |     3 |     2 ||    10
       Betrayed ally     |     1 |       |       ||     1
       Petrifying        |     1 |       |       ||     1
Armor: Robe              |    12 |     7 |    10 ||    29
Dodge: Dodged            |    74 |   114 |   124 ||   312
       Repelled          |       |       |     2 ||     2

Table legend: (Time is in decaauts)
 A = Elapsed time spent in this place.
 B = Non-inter-level travel time spent in this place.
 C = Inter-level travel time spent in this place.
 D = Time resting spent in this place.
 E = Time spent auto-exploring this place.
 F = Levels seen in this place.
 G = Mean time per level.
                   A        B        C        D        E       F      G
               +--------+--------+--------+--------+--------+-----+--------+
         Total |   7685 |   7616 |     69 |   1943 |   3647 |  11 |  698.6 |
       Dungeon |   7195 |   7138 |     57 |   1943 |   3293 |   9 |  799.4 |
        Temple |    228 |    216 |     12 |      0 |    185 |   1 |  228.0 |
         Sewer |    262 |    262 |      0 |      0 |    168 |   1 |  262.0 |
               +--------+--------+--------+--------+--------+-----+--------+

Top non-repeatable levels by time:
     D:3: 1286 daAuts
     D:6: 1128 daAuts
     D:2: 971 daAuts
     D:4: 941 daAuts
     D:5: 838 daAuts
     D:1: 828 daAuts
     D:9: 588 daAuts
     D:8: 521 daAuts
   Sewer: 262 daAuts
  Temple: 228 daAuts
     D:7: 90 daAuts
